Map: Cosmic Sapphire

Players

Reaper

  • Race: Zerg Zerg
  • Spawn Location: 5:00

Maplez - Winner!

  • Race: Protoss Protoss
  • Spawn Location: 11:00

Event: DreamHack SC2 Masters 2022 Atlanta (Offline)

VOD

Have the link to the VOD?

Description

Time

  • Played on: Nov. 18, 2022, 11:24 a.m.
  • Length: 5:39

All games in this series

Show
View Real Time Build Order
Export as new Build Order

Reaper Zerg 

Build Orders: Hatch First 

Get SALT Encoding   

  12  0:00  Drone  
  13  0:09  Drone  
  14  0:35  Hatchery  
  13  0:41  Extractor  
  12  0:53  Spawning Pool  
  11  0:58  Drone  
  11  1:03  Drone  
  13  1:07  Drone  
  14  1:40  Roach Warren  
  14  1:41  Metabolic Boost  
  14  1:51  Overlord  
  13  1:59  Queen  
  15  2:21  Roach  
  15  2:22  Roach x2  
  21  2:28  Zergling x2  
  22  2:37  Overlord  
  22  2:46  Zergling x2  
  23  3:02  Zergling x6  
  26  3:06  Ravager  
  26  3:07  Ravager  
  26  3:09  Zergling x2  
  29  3:14  Zergling x2  
  29  3:26  Zergling x2  
  30  3:37  Spore Crawler, Ravager  
  30  3:41  Overlord  
  31  3:45  Overlord  
  31  4:14  Zergling x2  
  31  4:15  Zergling x8  
  36  4:23  Zergling x2  
  32  4:38  Zergling x2  
  33  4:48  Zergling x2  
  33  4:51  Zergling x2  
  35  4:57  Hatchery  
  35  4:58  Zergling x2  
  36  5:00  Zergling x2  
  36  5:05  Zergling x2  
  37  5:19  Zergling x2  
  37  5:21  Zergling x2  
Show
View Real Time Build Order
Export as new Build Order

Maplez Protoss - Winner!

Build Orders:  

Get SALT Encoding   

  12  0:00  Probe  
  13  0:12  Probe  
  14  0:22  Pylon  
  14  0:24  Probe  
  15  0:40  Probe (Chrono Boost)  
  15  0:41  Gateway  
  16  0:49  Probe (Chrono Boost)  
  17  0:52  Assimilator  
  17  0:54  Probe (Chrono Boost)  
  18  1:09  Probe, Forge  
  19  1:15  Pylon  
  20  1:31  Cybernetics Core  
  20  1:42  Photon Cannon  
  20  1:45  Photon Cannon  
  19  1:50  Zealot (Chrono Boost)  
  21  1:55  Probe  
  22  2:07  Probe  
  23  2:08  Warp Gate  
  23  2:12  Adept (Chrono Boost)  
  25  2:21  Probe  
  26  2:30  Shield Battery  
  26  2:35  Stalker  
  28  2:43  Photon Cannon  
  27  2:45  Shield Battery  
  27  3:02  Shield Battery  
  27  3:05  Stalker (Chrono Boost)  
  29  3:09  Pylon  
  29  3:19  Shield Battery  
  29  3:22  Photon Cannon  
  27  3:31  Gateway  
  27  3:34  Stalker  
  29  3:47  Gateway  
  29  3:59  Shield Battery  
  29  4:14  Pylon  
  29  4:15  Sentry  
  31  4:29  Stalker  
  33  4:32  Nexus  
  31  4:39  Sentry  
  31  4:40  Probe  
  34  4:48  Stalker  
  34  4:51  Assimilator  
  37  4:59  Zealot  
  38  5:07  Gateway, Probe  
  39  5:19  Probe  
  39  5:20  Sentry  
  42  5:26  Zealot x2  
  46  5:30  Pylon  
Tags
 
Add a new tag
Caveats
  • Supply blocks, unpowered buildings, or Contaminate may cause inaccurate times.
  • Supply counts are checked every 10 seconds.